 Dungeon Crawl Stone Soup version 0.17.1-1-g73c8601 (console) character file.

357618 Kloppie the Warrior (level 22, -4/153 HPs)
             Began as a Gargoyle Fighter on Dec 15, 2015.
             Was the Champion of Makhleb.
             Killed from afar by a deep elf sorcerer (46 damage)
             ... with a blast of hellfire
             ... on level 3 of the Elven Halls.
             The game lasted 02:01:50 (47641 turns).

Kloppie the Warrior (Gargoyle Fighter)             Turns: 47641, Time: 02:01:50

Health: -4/153     AC: 67    Str: 29    XL:     22   Next: 37%
Magic:  32/32      EV: 20    Int: 14    God:    Makhleb [******]
Gold:   4347       SH: 15    Dex: 19    Spells: 0 memorised, 21 levels left

rFire  . . .     SeeInvis .     a - +9 eveningstar (holy)
rCold  + . .     Clarity  +     n - +8 orange crystal plate armour {Archmagi, Int+3 Clar SustAt}
rNeg   + + +     SustAt   +     G - +0 shield {reflect}
rPois  ∞         Gourm    .     K - +3 helmet "Zuymmall" {rC+ rN+ Dex+4}
rElec  +         Spirit   .     i - +2 cloak
rCorr  .         Warding  +     p - +1 pair of gloves {Dex+3}
rMut   .         Stasis   .     X - +2 pair of boots {Fly}
MR     ++++.                    I - brooch of Shielding {Ward rN+ AC+4 EV+4}
Stlth  ..........               M - ring "Vaykhlam" {*Contam rN+ MR+++ Int-3 Slay+6}
                                Z - ring "Fonk" {EV+2 Int+4 Dex+3 Stlth-}

@: corroded equipment, incredibly resistant to hostile enchantments, extremely
unstealthy
A: big wings, negative energy resistance 1, electricity resistance, unbreathing,
petrification resistance, rot immunity, AC +16
a: Fly, Minor Destruction, Lesser Servant of Makhleb, Major Destruction, Greater
Servant of Makhleb, Renounce Religion, Evoke Flight
}: 2/15 runes: decaying, gossamer


You were on level 3 of the Elven Halls.
You worshipped Makhleb.
Makhleb was exalted by your worship.
You were not hungry.

You visited 7 branches of the dungeon, and saw 42 of its levels.
You also visited: Ice Cave.

You collected 5137 gold pieces.
You spent 790 gold pieces at shops.

Inventory:

Hand Weapons
 a - a +9 eveningstar of holy wrath (weapon)
 b - the +7 demon whip "Mesug" {flame, rC+ rN+ SInv}
   (You found it on level 8 of the Lair of Beasts)

   It has been specially enchanted to burn those struck by it, causing extra
   injury to most foes and up to half again as much damage against particularly
   susceptible opponents.
   It protects you from cold.
   It protects you from negative energy.
   It lets you see invisible.
 W - a +0 demon whip of slashing
 Y - the +1 eveningstar "Brilliance" {holy, rN+ AC+5 Int+5}
   (You took it off a deep elf high priest on level 3 of the Elven Halls)

   It has been blessed by the Shining One to cause great damage to the undead
   and demons.
   It affects your AC (+5).
   It affects your intelligence (+5).
   It protects you from negative energy.
Armour
 i - a +2 cloak (worn)
 n - the +8 orange crystal plate armour (worn) {Archmagi, Int+3 Clar SustAt}
   (You found it on level 4 of the Spider Nest)

   It affects your intelligence (+3).
   It sustains your strength, intelligence and dexterity.
   It protects you against confusion.
 p - a +1 pair of gloves of dexterity (worn)
 x - a +0 hat of see invisible
 G - a +0 shield of reflection (worn)
 K - the +3 helmet "Zuymmall" (worn) {rC+ rN+ Dex+4}
   (You found it on level 3 of the Spider Nest)

   It affects your dexterity (+4).
   It protects you from cold.
   It protects you from negative energy.
 Q - a +0 large shield
 X - a +2 pair of boots of flying (worn)
Jewellery
 f - an uncursed amulet of rage
 u - an uncursed ring of teleportation
 C - an uncursed amulet of regeneration
 I - the brooch of Shielding (around neck) {Ward rN+ AC+4 EV+4}
   (You found it on level 3 of the Spider Nest)

   [amulet of warding]

   It may prevent the melee attacks of summoned creatures.
   It affects your AC (+4).
   It affects your evasion (+4).
   It protects you from negative energy.
 M - the ring "Vaykhlam" (right hand) {*Contam rN+ MR+++ Int-3 Slay+6}
   (You found it on level 8 of the Lair of Beasts)

   [ring of slaying]

   It affects your intelligence (-3).
   It affects your accuracy and damage with ranged weapons and melee attacks
   (+6).
   It protects you from negative energy.
   It affects your resistance to hostile enchantments.
   It causes magical contamination when unequipped.
 Z - the ring "Fonk" (left hand) {EV+2 Int+4 Dex+3 Stlth-}
   (You found it on level 2 of the Vaults)

   [ring of evasion]

   It affects your evasion (+2).
   It affects your intelligence (+4).
   It affects your dexterity (+3).
   It makes you less stealthy.
Wands
 d - a wand of disintegration (20)
 k - a wand of disintegration (12)
 o - a wand of heal wounds (4)
 t - a wand of digging (8)
 v - a wand of hasting (9)
Scrolls
 g - 4 scrolls of recharging
 j - 2 scrolls of fog
 r - 14 scrolls of remove curse
 s - 8 scrolls of noise
 y - 3 scrolls of magic mapping
 z - a scroll of enchant weapon
 B - 4 scrolls of blinking
 H - 16 scrolls of teleportation
 J - a scroll of fear
 L - 19 scrolls of identify
 P - 3 scrolls of enchant armour
 R - a scroll of silence
Potions
 c - 3 potions of berserk rage
 h - a potion of brilliance
 l - a potion of magic
 q - 3 potions of flight
 w - 21 potions of curing
 A - 4 potions of resistance
 F - 6 potions of heal wounds
 N - a potion of might
 O - 2 potions of invisibility
 S - a potion of agility
 T - a potion of cancellation
 U - 3 potions of cure mutation
Books
 V - a book of Annihilations

   Spells                             Type                      Level
   a - Poison Arrow                   Conjuration/Poison           6
   b - Chain Lightning                Conjuration/Air              8
   c - Lehudib's Crystal Spear        Conjuration/Earth            8
   d - Glaciate                       Conjuration/Ice              9
   e - Fire Storm                     Conjuration/Fire             9
Miscellaneous
 D - a lamp of fire (inert)
Comestibles
 e - 14 bread rations
 m - 17 meat rations
 E - 3 chunks of flesh


   Skills:
 - Level 20.5 Fighting
 - Level 16.1 Maces & Flails
 - Level 20.0 Armour
 - Level 10.5 Dodging
 - Level 15.0 Shields
 + Level 13.5 Invocations
 + Level 9.0 Evocations


You had 21 spell levels left.
You didn't know any spells.

Dungeon Overview and Level Annotations

Branches:
Dungeon (15/15)            Temple (0/1) D:5            Lair (8/8) D:10
  Swamp (4/4) Lair:4       Spider (4/4) Lair:5        Slime (0/6) Lair:8
    Orc (4/4) D:12            Elf (3/3) Orc:3        Vaults (4/5) D:14
  Crypt (0/3) Vaults:3     Depths (0/5) D:15

Altars:
Dithmenos
Elyvilon
Gozag
Kikubaaqudgha
Makhleb
Nemelex Xobeh
Ru
Yredelemnul
Beogh

Shops:
D:7 %   Orc:1 *   Orc:3 *   Orc:4 (=*(   Vaults:1 *   Vaults:2 [

Annotations:
D:9 Psyche
Lair:6 exclusion: 2 oklob plants


Innate Abilities, Weirdness & Mutations

You are resistant to torment.
Your stone body is resilient (AC +16).
You are immune to poison.
Your large and strong wings let you fly indefinitely.
You resist negative energy.
You are resistant to electric shocks.
You can survive without breathing.
You are immune to petrification.
You are immune to rotting.


Message History

Things that are here:
a short sword; a buckler The deep elf sorcerer casts a spell at you.
The bolt of acid hits you!
* * * LOW HITPOINT WARNING * * *
The acid corrodes you!
The acid burns!
* * * LOW HITPOINT WARNING * * *
Things that are here:
an enchanted short sword; a long sword; a long sword The deep elf sorcerer mumbles some strange words.
You feel troubled.
Things that are here:
an uncursed longbow; 17 arrows; a long sword
Items here: ( ))))))) [[ ††
Items here: ( )))) [[ You start resting.
Eating one of 4 chunks of flesh.
This raw flesh tastes terrible.
The deep elf sorcerer gestures at you while chanting.
The hellfire explodes!
The blast of hellfire engulfs you!
You die...

#)## #.##... #e#
#.###.# #.# #.# #.# #)#
####/###.# #)#
##.....##.# #e#
##......##.# #)#
##.......##.#
#e######........##..
#=)@)(((........+...
###)####........####
#.# #........# #.#
#........#
###'####........#
##......#........####
##................+...
##...............).####
#.####.....###+########


You could see a deep elf sorcerer.

Vanquished Creatures
  Mara (Elf:3)
  the Lernaean hydra (Swamp:3)
  Saint Roka (Orc:4)
  Jorgrun (Spider:4)
  A tentacled monstrosity (Vaults:2)
  An Ice Fiend (IceCv)
  The ghost of Kloppie the Severer, an adept HOFi of Elyvilon (Swamp:3)
  The ghost of DeXoteric the Warrior, an adept MfSk of Ashenzari (Swamp:4)
  A sphinx (Vaults:4)
  Gastronok (Lair:2)
  Frances (D:14)
  2 thorn hunters
  Donald (Spider:3)
  10 vault wardens
  5 ghost moths (Spider:4)
  Maud (Lair:6)
  2 fire giants (Vaults:3)
  3 emperor scorpions (Spider:4)
  Louise (Spider:4)
  2 deep elf sorcerers
  A very ugly thing (Vaults:2)
  2 orc warlords
  9 ironheart preservers
  4 stone giants
  5 deep elf demonologists
  Nessos (Lair:5)
  6 deep elf annihilators (Elf:3)
  5 deep elf death magi (Elf:3)
  Snorg (Lair:8)
  3 ettins
  A crystal guardian (Vaults:4)
  A fire dragon (Vaults:4)
  8 vault guards
  3 yaktaur captains
  3 deep elf high priests (Elf:3)
  10 ogre magi
  27 hydras
  A rakshasa (Vaults:2)
  2 great orbs of eyes (Vaults:4)
  18 centaur warriors
  A deep troll shaman (Vaults:3)
  16 dancing weapons (Elf:2)
  An anaconda (shapeshifter) (Vaults:1)
  19 death yaks (Lair:8)
  The ghost of Rex the Cleaver, a novice MiFi of Okawaru (Lair:1)
  5 catoblepae
  3 tengu warriors
  A queen ant (Spider:4)
  6 alligators
  A deep troll earth mage (Vaults:3)
  4 orc high priests (Orc:4)
  Urug (D:14)
  3 fire crabs (shapeshifter)
  Nergalle (D:12)
  5 wizards
  21 deep elf knights
  4 unseen horrors
  5 ice devils (IceCv)
  A sea snake (shapeshifter) (Vaults:3)
  2 shadow wraiths
  A skeletal warrior (Vaults:2)
  11 swamp dragons
  A spriggan druid (Swamp:4)
  9 deep trolls
  A lindwurm (Lair:7)
  10 deep elf summoners
  5 shambling mangroves
  17 hill giants
  12 ironbrand convokers
  2 giant orange brains (Vaults:2)
  2 phantasmal warriors
  A necromancer (Lair:8)
  13 orc knights
  A wolf spider (shapeshifter) (Elf:2)
  19 wolf spiders
  9 deep elf conjurers
  4 harpies (Vaults:3)
  6 griffons
  11 orb spiders
  9 orc sorcerers
  2 stone giant zombies (Orc:3)
  41 ugly things
  8 cyclopes
  A hornet (shapeshifter) (Vaults:3)
  12 hornets
  A cyclops (shapeshifter) (Elf:2)
  A centaur zombie (D:15)
  A black mamba (shapeshifter) (Vaults:3)
  14 spiny frogs
  2 moths of wrath (Spider:3)
  14 vault sentinels
  2 ice statues (IceCv)
  A gargoyle (D:13)
  4 torpor snails
  The ghost of riffraff the Skirmisher, a novice DsBe of Trog (D:5)
  7 centaur skeletons
  6 black mambas
  An efreet (D:14)
  28 yaktaurs
  19 demonic crawlers
  2 kobold demonologists
  50 jumping spiders
  12 komodo dragons
  2 freezing wraiths
  3 fire drakes
  A fire drake (shapeshifter) (Vaults:4)
  A yaktaur (shapeshifter) (Elf:3)
  A queen bee (D:10)
  5 trolls
  10 deep elf priests
  A tengu conjurer (D:14)
  8 blue devils (IceCv)
  A stone giant simulacrum (Vaults:2)
  A polar bear (Lair:7)
  A wolf spider simulacrum (D:14)
  4 giant leeches
  20 two-headed ogres
  Prince Ribbit (D:9)
  17 blink frogs
  A hornet zombie (D:13)
  A harpy zombie (D:13)
  54 slime creatures
  7 boulder beetles
  7 bog bodies
  A redback (shapeshifter) (Elf:2)
  4 wraiths
  A blink frog (shapeshifter) (Elf:2)
  48 redbacks
  15 tarantellas
  A tarantella (shapeshifter) (Vaults:4)
  6 spriggans
  19 trapdoor spiders
  29 deep elf magi
  A golden eye (shapeshifter) (Vaults:4)
  A hill giant zombie (Orc:3)
  4 shadows
  26 deep elf fighters
  37 vampire mosquitoes
  4 basilisks
  52 yaks
  Grum (Lair:1)
  8 wolves
  2 wyverns
  3 hungry ghosts
  A basilisk (shapeshifter) (Elf:1)
  23 soldier ants (Spider:4)
  9 hippogriffs
  2 mottled dragons (Vaults:2)
  11 wargs
  A porcupine (shapeshifter) (Vaults:1)
  23 swamp worms
  2 human simulacra
  24 insubstantial wisps
  3 sky beasts
  64 orc warriors
  16 spiders
  Duvessa (D:5)
  11 water moccasins
  A black bear (D:10)
  11 porcupines
  4 eyes of draining
  14 wasps
  2 necrophages (D:12)
  16 swamp drakes
  37 ogres
  18 centaurs
  8 boggarts
  5 ice beasts
  3 big kobolds
  20 giant frogs
  An elf zombie (D:12)
  20 crocodiles
  A cyclops zombie (Orc:3)
  A water moccasin zombie (D:7)
  A wyvern zombie (D:14)
  4 scorpions
  Dowan (D:5)
  30 killer bees
  A troll skeleton (D:12)
  6 wights
  6 hounds
  8 electric eels
  8 crimson imps
  A giant frog zombie (D:11)
  39 orc priests
  34 orc wizards
  2 giant frog skeletons
  4 jellies
  2 human zombies (D:12)
  8 iguanas
  Terence (D:3)
  19 worker ants
  A wolf simulacrum (Lair:8)
  A human skeleton (D:12)
  6 polar bear simulacra (Lair:8)
  A killer bee zombie (D:9)
  20 sheep
  3 yak simulacra (Lair:8)
  2 ogre zombies (D:12)
  A mummy (D:12)
  3 worker ant zombies
  19 adders
  6 shadow imps
  23 white imps
  50 river rats
  4 ufetubi (IceCv)
  2 oozes
  An adder zombie (D:6)
  3 adder skeletons
  A worm (D:3)
  5 giant geckos
  236 orcs
  12 bats
  7 giant cockroaches
  6 hobgoblins
  7 jackals
  5 quokkas
  A ball python (D:1)
  A giant cockroach zombie (D:5)
  3 giant newts
  7 goblins
  26 kobolds
  A quokka zombie (D:7)
  14 rats
  A river rat simulacrum (Lair:8)
  2 briar patches (Swamp:3)
  2 crawling corpses (Elf:3)
2045 creatures vanquished.

Vanquished Creatures (collateral kills)
  A swamp drake (Swamp:4)
1 creature vanquished.

Vanquished Creatures (others)
  A centaur warrior (Vaults:1)
  A deep elf knight (Elf:2)
  2 cyclopes (Vaults:1)
  A yaktaur (Vaults:3)
  A deep elf fighter (Elf:2)
  A swamp worm (shapeshifter) (Vaults:1)
  An insubstantial wisp (Elf:3)
  A soldier ant (Spider:4)
  A swamp worm (Swamp:4)
  A wasp (Swamp:1)
  A swamp drake (Swamp:1)
  4 boggarts
  5 centaurs
  A sheep (Lair:5)
  2 ufetubi (IceCv)
  3 orcs
  2 crawling corpses (Elf:2)
  22 fungi
  8 plants
59 creatures vanquished.

Grand Total: 2105 creatures vanquished

Notes
Turn   | Place    | Note
--------------------------------------------------------------
     0 | D:1      | Kloppie the Gargoyle Fighter began the quest for the Orb.
     0 | D:1      | Reached XP level 1. HP: 14/14 MP: 1/1
   419 | D:1      | Reached XP level 2. HP: 17/20 MP: 2/2
   596 | D:1      | Reached skill level 4 in Fighting
   705 | D:1      | Reached XP level 3. HP: 24/24 MP: 3/3
  1125 | D:1      | Reached XP level 4. HP: 30/30 MP: 4/4
  1657 | D:2      | Reached XP level 5. HP: 34/34 MP: 5/5
  1765 | D:2      | Reached skill level 5 in Fighting
  2272 | D:3      | Noticed Terence
  2304 | D:3      | Killed Terence
  2385 | D:3      | Found a sacrificial altar of Ru.
  2385 | D:3      | Found an opulent altar of Gozag.
  2970 | D:4      | Noticed an ogre
  2984 | D:4      | Killed an ogre
  2984 | D:4      | Reached XP level 6. HP: 20/41 MP: 6/6
  3281 | D:4      | Reached skill level 6 in Fighting
  3408 | D:4      | Reached skill level 5 in Maces & Flails
  3458 | D:4      | Reached XP level 7. HP: 39/47 MP: 7/7
  3823 | D:5      | Entered Level 5 of the Dungeon
  3907 | D:5      | Found a sparkling altar of Nemelex Xobeh.
  3910 | D:5      | Found an ancient bone altar of Kikubaaqudgha.
  3910 | D:5      | Found a burning altar of Makhleb.
  3915 | D:5      | Became a worshipper of Makhleb the Destroyer
  4145 | D:5      | Noticed Dowan
  4158 | D:5      | Killed Dowan
  4167 | D:5      | Noticed Duvessa
  4214 | D:5      | Killed Duvessa
  4214 | D:5      | Reached skill level 7 in Fighting
  4448 | D:5      | Noticed riffraff's ghost (novice DsBe)
  4458 | D:5      | Killed riffraff's ghost
  4458 | D:5      | Reached XP level 8. HP: 43/54 MP: 8/8
  4484 | D:5      | Reached skill level 8 in Fighting
  4547 | D:5      | Found a staircase to the Ecumenical Temple.
  4805 | D:6      | Found a shadowy altar of Dithmenos.
  5105 | D:6      | Reached * piety under Makhleb
  5621 | D:6      | Reached XP level 9. HP: 60/60 MP: 9/9
  5727 | D:6      | Found a white marble altar of Elyvilon.
  6224 | D:7      | Reached skill level 5 in Armour
  6303 | D:7      | Reached ** piety under Makhleb
  6415 | D:7      | Found Cietzu's Food Shoppe.
  6580 | D:7      | Identified a scroll of acquirement
  6810 | D:8      | Reached skill level 9 in Maces & Flails
  7180 | D:8      | Found a basalt altar of Yredelemnul.
  7398 | D:9      | Noticed Prince Ribbit
  7414 | D:9      | Killed Prince Ribbit
  7703 | D:9      | Reached *** piety under Makhleb
  7703 | D:9      | Reached skill level 10 in Maces & Flails
  7709 | D:9      | Reached XP level 10. HP: 65/65 MP: 10/10
  7744 | D:9      | Found a white marble altar of Elyvilon.
  8010 | D:9      | Noticed Psyche
  8064 | D:10     | Entered Level 10 of the Dungeon
  8191 | D:10     | Reached **** piety under Makhleb
  8241 | D:10     | Reached skill level 11 in Maces & Flails
  8455 | D:10     | Reached skill level 10 in Armour
  8518 | D:10     | Reached XP level 11. HP: 69/69 MP: 11/11
  8570 | D:10     | Reached ***** piety under Makhleb
  8714 | D:10     | Reached skill level 12 in Maces & Flails
  8983 | D:10     | Noticed a hill giant
  8990 | D:10     | Killed a hill giant
  9003 | D:10     | Found a staircase to the Lair.
  9089 | Lair:1   | Entered Level 1 of the Lair of Beasts
  9132 | Lair:1   | Noticed Grum
  9155 | Lair:1   | Killed Grum
 10036 | Lair:1   | Noticed Rex's ghost (novice MiFi)
 10041 | Lair:1   | Killed Rex's ghost
 10041 | Lair:1   | Reached skill level 5 in Shields
 10245 | Lair:2   | Noticed Gastronok
 10414 | Lair:2   | Reached skill level 13 in Maces & Flails
 10513 | Lair:2   | Killed Gastronok
 10513 | Lair:2   | Reached XP level 12. HP: 75/75 MP: 12/12
 11616 | Lair:3   | Reached skill level 14 in Maces & Flails
 11640 | Lair:3   | Noticed a five-headed hydra
 11650 | Lair:3   | Killed a five-headed hydra
 11800 | Lair:4   | Found a staircase to the Swamp.
 12259 | Lair:4   | Reached ****** piety under Makhleb
 12987 | Lair:5   | Noticed Nessos
 13025 | Lair:5   | Killed Nessos
 13025 | Lair:5   | Reached skill level 10 in Shields
 13025 | Lair:5   | Reached XP level 13. HP: 71/80 MP: 13/13
 13098 | Lair:5   | Noticed a catoblepas
 13116 | Lair:5   | Killed a catoblepas
 13252 | Lair:5   | Reached skill level 15 in Maces & Flails
 13425 | Lair:5   | Found a hole to the Spider Nest.
 14174 | Lair:6   | Noticed Maud
 14189 | Lair:6   | Killed Maud
 14199 | Lair:6   | Found a sparkling altar of Nemelex Xobeh.
 14739 | Lair:6   | You fall through a shaft!
 16350 | D:11     | Reached skill level 16 in Maces & Flails
 16554 | D:11     | Gained mutation: Your large and strong wings let you fly indefinitely. [Gargoyle growth]
 16554 | D:11     | Reached XP level 14. HP: 84/84 MP: 14/14
 17196 | D:12     | Found a staircase to the Orcish Mines.
 17198 | D:12     | Noticed Nergalle
 17227 | D:12     | Killed Nergalle
 17519 | D:12     | Found a basalt altar of Yredelemnul.
 17670 | Orc:1    | Entered Level 1 of the Orcish Mines
 17702 | Orc:1    | Found Feuskiu's General Store.
 17722 | Orc:1    | Bought a scroll of enchant weapon for 127 gold pieces
 18096 | Orc:2    | Found a roughly hewn altar of Beogh.
 18336 | Orc:2    | Found a roughly hewn altar of Beogh.
 18759 | Orc:3    | Found a staircase to the Elven Halls.
 18778 | Orc:3    | Noticed an orc warlord
 18862 | Orc:3    | Killed an orc warlord
 18965 | Orc:3    | Found Xuqil's General Store.
 19699 | Orc:3    | Noticed a stone giant
 19716 | Orc:3    | Killed a stone giant
 20267 | Orc:4    | Entered Level 4 of the Orcish Mines
 20817 | Orc:4    | Found a roughly hewn altar of Beogh.
 20825 | Orc:4    | Reached XP level 15. HP: 89/89 MP: 15/15
 21005 | Orc:4    | Found Buawk's Antique Weapon Emporium.
 21018 | Orc:4    | Reached skill level 15 in Shields
 21035 | Orc:4    | Found Huironin's Assorted Antiques.
 21313 | Orc:4    | Noticed Saint Roka
 21749 | Orc:4    | Killed Saint Roka
 22379 | Orc:4    | Noticed an orc warlord
 22615 | Orc:4    | Killed an orc warlord
 22615 | Orc:4    | Reached skill level 10 in Fighting
 22615 | Orc:4    | Reached skill level 1 in Invocations
 22769 | Orc:4    | Found a roughly hewn altar of Beogh.
 22798 | Orc:4    | Found Maisa's Jewellery Shop.
 22832 | Orc:4    | Bought an uncursed amulet of regeneration for 390 gold pieces
 22993 | Orc:4    | Found Jodaango's Antique Weapon Boutique.
 23705 | Lair:8   | Entered Level 8 of the Lair of Beasts
 23741 | Lair:8   | Noticed Snorg
 23753 | Lair:8   | Killed Snorg
 23882 | Lair:8   | Found a staircase to the Slime Pits.
 24110 | Lair:8   | Reached skill level 5 in Invocations
 24345 | Lair:8   | Reached XP level 16. HP: 101/101 MP: 21/21
 24449 | Lair:8   | Got a crude demon whip
 24451 | Lair:8   | Got a clouded marble ring
 24458 | Lair:8   | Identified the +7 demon whip "Mesug" {flame, rC+ rN+ SInv} (You found it on level 8 of the Lair of Beasts)
 24459 | Lair:8   | Identified the ring "Vaykhlam" {*Contam rN+ MR+++ Int-3 Slay+6} (You found it on level 8 of the Lair of Beasts)
 25079 | Swamp:1  | Entered Level 1 of the Swamp
 26202 | Swamp:2  | Found a frozen archway.
 26281 | IceCv    | Entered an ice cave
 26451 | IceCv    | Noticed an Ice Fiend
 26486 | IceCv    | Killed an Ice Fiend
 26782 | Swamp:2  | Reached skill level 15 in Fighting
 27459 | Swamp:3  | Reached XP level 17. HP: 113/113 MP: 23/23
 27778 | Swamp:3  | Noticed Kloppie's ghost (adept HOFi)
 27812 | Swamp:3  | HP: 5/113 [Kloppie's ghost (16)]
 27815 | Swamp:3  | Killed Kloppie's ghost
 28487 | Swamp:4  | Entered Level 4 of the Swamp
 28496 | Swamp:4  | Reached skill level 15 in Armour
 28883 | Spider:1 | Entered Level 1 of the Spider Nest
 30502 | Spider:3 | Noticed Donald
 30521 | Spider:3 | Killed Donald
 31416 | Spider:3 | Got a shimmering helmet
 31417 | Spider:3 | Identified the +3 helmet "Zuymmall" {rC+ rN+ Dex+4} (You found it on level 3 of the Spider Nest)
 31813 | Spider:4 | Entered Level 4 of the Spider Nest
 31963 | Spider:4 | Reached skill level 17 in Fighting
 32067 | Spider:4 | Noticed Louise
 32078 | Spider:4 | Killed Louise
 32302 | Spider:4 | Reached XP level 18. HP: 124/124 MP: 24/24
 32340 | Spider:4 | Noticed Jorgrun
 32364 | Spider:4 | Killed Jorgrun
 33278 | Spider:4 | Reached skill level 18 in Fighting
 33294 | Spider:4 | Got a gossamer rune of Zot
 33993 | Swamp:4  | Noticed DeXoteric's ghost (adept MfSk)
 34025 | Swamp:4  | Killed DeXoteric's ghost
 34527 | Swamp:4  | Noticed the 27-headed Lernaean hydra
 34863 | Swamp:3  | Killed the 27-headed Lernaean hydra
 35039 | Swamp:4  | Got a decaying rune of Zot
 35842 | D:13     | Reached XP level 19. HP: 132/132 MP: 25/25
 36024 | D:13     | Reached skill level 19 in Fighting
 36783 | D:14     | Noticed Frances
 36798 | D:14     | Killed Frances
 37007 | D:14     | Found a sacrificial altar of Ru.
 37035 | D:14     | Noticed Urug
 37045 | D:14     | Killed Urug
 37388 | D:14     | Found a gate to the Vaults.
 37440 | D:15     | Entered Level 15 of the Dungeon
 37502 | D:15     | Found a staircase to the Depths.
 38384 | Vaults:1 | Entered Level 1 of the Vaults
 38535 | Vaults:1 | Reached skill level 20 in Fighting
 39020 | Vaults:1 | Found Hyihusigh's Assorted Antiques.
 39055 | Vaults:1 | Reached XP level 20. HP: 142/142 MP: 26/26
 39117 | Vaults:1 | Bought a scroll of enchant weapon for 165 gold pieces
 39261 | Vaults:1 | Found a white marble altar of Elyvilon.
 39552 | Vaults:1 | Reached skill level 1 in Dodging
 39910 | Vaults:2 | Found Huci's Antique Armour Shop.
 39914 | Vaults:2 | Bought a pair of embroidered boots for 108 gold pieces
 40366 | Vaults:2 | Reached skill level 5 in Dodging
 40454 | Vaults:2 | Got a coiled lapis lazuli ring
 40455 | Vaults:2 | Identified the ring "Fonk" {EV+2 Int+4 Dex+3 Stlth-} (You found it on level 2 of the Vaults)
 41640 | Vaults:3 | Found a staircase to the Crypt.
 41640 | Vaults:3 | Found a basalt altar of Yredelemnul.
 41641 | Vaults:3 | Found an ancient bone altar of Kikubaaqudgha.
 41725 | Vaults:3 | Reached XP level 21. HP: 147/147 MP: 27/27
 41758 | Vaults:3 | Reached skill level 10 in Dodging
 42579 | Vaults:4 | Reached skill level 1 in Evocations
 42814 | Vaults:4 | Reached skill level 10 in Invocations
 43964 | Elf:1    | Entered Level 1 of the Elven Halls
 44033 | Elf:1    | Reached skill level 5 in Evocations
 45128 | Elf:2    | Found a runed gate.
 45128 | Elf:2    | Found a runed gate.
 45129 | Elf:2    | Found a runed gate.
 45729 | Elf:2    | Reached XP level 22. HP: 153/153 MP: 31/31
 45952 | Elf:3    | Entered Level 3 of the Elven Halls
 46527 | Elf:3    | Noticed Mara
 46547 | Elf:3    | Noticed Kloppie's illusion
 46614 | Elf:3    | Killed Mara
 47539 | Elf:3    | Got a smoking turquoise ring
 47540 | Elf:3    | Identified the ring of Pitsu {rPois rF- rC+ rN++ EV+2} (You took it off a deep elf high priest on level 3 of the Elven Halls)
 47641 | Elf:3    | Killed from afar by a deep elf sorcerer

Action                   |  1- 3 |  4- 6 |  7- 9 | 10-12 | 13-15 | 16-18 | 19-21 | 22-24 || total
-------------------------+-------+-------+-------+-------+-------+-------+-------+-------++-------
Melee: Flail             |    90 |   281 |   282 |       |       |       |       |       ||   653
       Eveningstar       |       |       |   102 |   678 |  1830 |  2058 |  1972 |   259 ||  6899
       Demon whip        |       |       |       |       |       |    95 |       |       ||    95
       Unarmed           |       |       |       |       |       |       |       |     9 ||     9
Invok: Lesser Servant of |       |       |       |       |       |     3 |       |       ||     3
 Abil: Stop Flying       |       |       |       |       |     1 |     1 |     1 |       ||     3
       Fly               |       |       |       |       |     1 |     1 |       |       ||     2
Evoke: Wand              |       |     1 |     2 |       |       |       |       |     3 ||     6
       Lamp of fire      |       |       |       |       |       |       |       |     1 ||     1
  Use: Potion            |       |       |     1 |     3 |     7 |     4 |       |       ||    15
       Scroll            |       |       |    28 |       |     7 |    17 |    10 |     1 ||    63
 Stab: Confused          |       |     1 |       |       |       |     2 |       |       ||     3
       Petrified         |       |       |       |       |     1 |       |       |       ||     1
       Distracted        |       |       |       |       |       |     1 |       |       ||     1
       Held in net/web   |       |       |       |       |       |     1 |       |       ||     1
  Eat: Chunk             |       |     9 |    12 |    15 |    34 |    22 |    25 |     7 ||   124
       Beef jerky        |       |       |     1 |       |       |     1 |     1 |       ||     3
       Bread ration      |       |       |       |     1 |     1 |     4 |       |       ||     6
       Pizza             |       |       |       |       |     1 |       |     1 |       ||     2
       Fruit             |       |       |       |       |       |     3 |     7 |       ||    10
